 Dungeon Crawl Stone Soup version 0.29.0-11-gd7f09526c8 (webtiles) character file.

Game seed: 6844501222040343646

772 rigrig the Cleaver (level 7, 0/63 HPs)
             Began as a Hill Orc Monk on Sept 5, 2022.
             Was a Believer of Sif Muna.
             Splashed by a jelly's acid (5 damage)
             ... on level 5 of the Dungeon.
             The game lasted 00:09:07 (6397 turns).

rigrig the Cleaver (Hill Orc Monk)                  Turns: 6397, Time: 00:09:09

Health: 0/63       AC: -7    Str: 16    XL:     7   Next: 83%
Magic:  0/2        EV: 10    Int: 10    God:    Sif Muna [**....]
Gold:   245        SH:  0    Dex: 13    Spells: 6/6 levels left

rFire   + . .      SeeInvis .   d - +2 dire flail (antimagic)
rCold   . . .      Faith    .   (shield currently unavailable)
rNeg    . . .      Spirit   +   u - +0 scale mail
rPois   .          Reflect  .   o - +0 helmet
rElec   .          Harm     .   (no cloak)
rCorr   .          Rampage  .   (no gloves)
Will    .....                   (no boots)
Stlth   ..........              b - amulet of guardian spirit
HPRegen 0.20/turn               m - ring of protection from fire
MPRegen 0.08/turn               (no ring)

@: corroded
A: no striking features
a: Renounce Religion, Channel Magic


You were on level 5 of the Dungeon.
You worshipped Sif Muna.
Sif Muna was pleased with you.
You visited 2 branches of the dungeon, and saw 6 of its levels.

You collected 245 gold pieces.

Inventory:

Hand Weapons
 a - a +0 hand axe
 d - a +2 antimagic dire flail (weapon)
Armour
 o - a +0 helmet (worn)
 u - a +0 scale mail (worn)
Jewellery
 b - an amulet of guardian spirit (around neck)
 m - a ring of protection from fire (left hand)
Wands
 h - a wand of paralysis (6)
Scrolls
 c - a scroll of immolation {unknown}
 e - a scroll of vulnerability
 f - a scroll of enchant armour {unknown}
 g - a scroll of magic mapping {unknown}
 l - a scroll of torment {unknown}
 n - 3 scrolls of teleportation
 r - 2 scrolls of blinking {unknown}
 v - a scroll of fog
Potions
 i - 2 potions of ambrosia
 j - 2 potions of mutation
 k - a potion of brilliance
 p - a potion of degeneration {unknown}
 q - a potion of curing
 s - a potion of magic {unknown}
 t - a potion of attraction


   Skills:
 + Level 6.2 Fighting
 * Level 8.8 Axes
 + Level 4.3 Armour
 - Level 2.4 Dodging
 - Level 1.5 Stealth


You had 6 spell levels left.
You didn't know any spells.
Your spell library contained the following spells:

 Spells                   Type           Power      Damage    Failure   Level
 Apportation              Tloc           0%         N/A       78%         1
 Sublimation of Blood     Necr           0%         N/A       89%         2
 Wereblood                Tmut           0%         N/A       89%         2
 Alistair's Intoxication  Tmut/Pois      0%         N/A       100%        5
 Summon Hydra             Summ           0%         N/A       100%        7


Dungeon Overview and Level Annotations

Branches:
Dungeon (5/15)             Temple (1/1) D:4

Altars:
Ashenzari
Cheibriados
Elyvilon
Gozag
Hepliaklqana
Kikubaaqudgha
Nemelex Xobeh
Sif Muna
Trog
Vehumet
Wu Jian
Xom


Message History

A jelly comes into view.
The jelly quivers.
The jelly completely misses you.
You hit the jelly. The acid corrodes you!
Your hands burn!
The jelly is lightly wounded.
The jelly hits you but does no damage.
A white imp comes into view.
The white imp shouts, "Face thy requiem, thou yeasty dismal-dreaming pigeon-egg!"
You hit the jelly but do no damage.
Your hands burn!
The jelly is lightly wounded.
The jelly closely misses you.
You barely miss the jelly.
The jelly is lightly wounded.
The jelly hits you.
You are splashed with acid!
You hit the jelly. The acid corrodes you!
Your hands burn!
The jelly is moderately wounded.
The jelly hits you. The acid corrodes you!
You are splashed with acid!
You puncture the jelly!
Your hands burn!
The jelly is almost dead.
The jelly hits you. The acid corrodes you!
You are splashed with acid!
You are too injured to fight recklessly!
You are too injured to fight recklessly!
You are too injured to fight recklessly!
You hit the jelly but do no damage.
Your hands burn!
* * * LOW HITPOINT WARNING * * *
The jelly is almost dead.
The jelly hits you.
* * * LOW HITPOINT WARNING * * *
You are splashed with acid.
* * * LOW HITPOINT WARNING * * *
You barely miss the jelly.
The jelly is almost dead.
The jelly barely misses you.
You hit the jelly but do no damage.
Your hands burn!
* * * LOW HITPOINT WARNING * * *
The jelly is almost dead.
The jelly hits you.
* * * LOW HITPOINT WARNING * * *
You are splashed with acid.
You die...

..#.#. . . #. ..##....
..##.. ... .......#......
.#.###.#....#(...#.# #...
............#....... ....
###.....##.......##.. .....
..........#.#.#..... ....?
##.#5J.#.#.#...#.#.#.
......#..#@#.#.[........(#.
......##.......##.....##...
......'....#...............
......#....#....#.###.#....
...........#...............
......##.......##.....##...
......#..#.#.#.......[...#.
..!.. ##.#...#.#.#...#.#.#.
##... ..........#.#.#.....


You could see a jelly and a white imp.

Vanquished Creatures
  Edmund (D:4)
  2 ogres (D:4)
  A scorpion (D:4)
  2 hounds (D:4)
  5 orc priests
  An iguana (D:4)
  An orc wizard (D:4)
  4 gnolls (D:4)
  3 adders
  5 worms
  9 orcs
  7 ball pythons
  7 bats
  9 endoplasms
  A giant cockroach (D:1)
  7 goblins
  9 hobgoblins
  6 jackals
  2 quokkas
  4 frilled lizards
  3 kobolds
  4 rats
93 creatures vanquished.

Vanquished Creatures (others)
  A plant (D:4)
1 creature vanquished.

Grand Total: 94 creatures vanquished

Notes
Turn   | Place    | Note
-------+----------+-------------------------------------------
     0 | D:1      | rigrig the Hill Orc Monk began the quest for the Orb.
     0 | D:1      | Reached XP level 1. HP: 19/19 MP: 1/1
   231 | D:1      | Reached XP level 2. HP: 27/27 MP: 2/2
   240 | D:1      | Found a faded altar of an unknown god.
   257 | D:1      | You fall into a shaft and drop 1 floor!
   708 | D:1      | Reached skill level 1 in Armour
  1027 | D:1      | Reached XP level 3. HP: 33/33 MP: 3/3
  1426 | D:2      | Reached skill level 5 in Axes
  2649 | D:2      | Reached XP level 4. HP: 22/40 MP: 4/4
  3088 | D:2      | Reached skill level 6 in Axes
  3088 | D:2      | Reached XP level 5. HP: 20/47 MP: 5/5
  3705 | D:3      | Found an ancient bone altar of Kikubaaqudgha.
  4237 | D:4      | Noticed Edmund
  4250 | D:4      | Killed Edmund
  4251 | D:4      | Reached skill level 5 in Fighting
  4251 | D:4      | Reached skill level 7 in Axes
  4251 | D:4      | Reached XP level 6. HP: 51/56 MP: 0/6
  4411 | D:4      | Found a staircase to the Ecumenical Temple.
  4422 | Temple   | Entered the Ecumenical Temple
  4584 | Temple   | Became a worshipper of Sif Muna the Loreminder
  4584 | Temple   | Reached * piety under Sif Muna
  4584 | Temple   | Reached ** piety under Sif Muna
  4674 | D:4      | Reached XP level 7. HP: 30/61 MP: 2/7
  4686 | D:4      | Reached skill level 8 in Axes
  4979 | D:4      | Found a bloodstained altar of Trog.
  5945 | D:5      | Entered Level 5 of the Dungeon
  6397 | D:5      | Splashed by a jelly's acid

Illustrated notes

Levels and vault maps discovered:
D:1:      saegor_arrival_miasma, layout_basic,
          hellmonk_ecumenical_altar_inner_sanctum
D:2:      layout_basic, kennysheep_generic_room_12
D:3:      layout_loops_cross, kiku_gazebo_pond_becter
D:4:      layout_loops_ring, mainiacjoe_overflow_catwalk,
          minmay_temple_entry_nine_rooms, serial_bayou_pond_a,
          chequers_arboretum, uniq_edmund
D:5:      nicolae_cairo_tiling_large_dashed, layout_basic,
          gammafunk_temple_overflow_elements
Temple:   chequers_temple_sunken

Skill      XL: |  1  2  3  4  5  6  7 |
---------------+----------------------+-----
Armour         | 1 2 3 4 |  4.3
Fighting       | 4 5 6 |  6.2
Axes           | 5 6 7 8 |  8.8
Dodging        | |  2.4
Stealth        | |  1.5

Action                   |  1- 3 |  4- 6 |  7- 9 || total
-------------------------+-------+-------+-------++-------
Melee: Hand axe          |   153 |   123 |       ||   276
       Punch             |     4 |     1 |       ||     5
       Dire flail        |       |    45 |    72 ||   117
  Use: Scroll            |     6 |     1 |     2 ||     9
       Potion            |     2 |     2 |     3 ||     7
 Stab: Sleeping          |     1 |       |       ||     1
       Distracted        |       |     1 |       ||     1
Armor: Robe              |     5 |       |       ||     5
       Ring mail         |    32 |    28 |       ||    60
       Scale mail        |       |    20 |    33 ||    53
       Skin              |       |       |     2 ||     2
Dodge: Dodged            |    96 |    81 |    49 ||   226
